 Dungeon Crawl Stone Soup version 0.21-a0-94-gdd6ab6a (webtiles) character file.

938 HAL9000 the Vexing (level 8, -5/36 HPs)
             Began as a Vine Stalker Enchanter on July 3, 2017.
             Was an Initiate of Wu Jian.
             Slain by Duvessa
             ... wielding a +0 rapier
              (9 damage)
             ... on level 6 of the Dungeon.
             The game lasted 00:11:59 (4788 turns).

HAL9000 the Vexing (Vine Stalker Enchanter)         Turns: 4788, Time: 00:11:59

Health: -5/36      AC:  8    Str: 12    XL:     8   Next: 12%
Magic:  0/12       EV: 12    Int: 15    God:    Wu Jian [......]
Gold:   221        SH:  0    Dex: 16    Spells: 5/11 levels left

rFire    . . .     SeeInvis +   a - +1 dagger
rCold    . . .     Gourm    .   (no shield)
rNeg     . . .     Faith    .   b - +0 robe
rPois    .         Spirit   +   h - +0 helmet
rElec    .         Reflect  .   o - +0 cloak
rCorr    .         Harm     .   (no gloves)
MR       +....                  r - +1 pair of boots {run}
Stlth    +++.......             (no amulet)
HPRegen  0.52/turn              s - +2 ring of protection
MPRegen  0.13/turn              u - ring of see invisible

@: quick
A: fangs 3, regeneration 1, magic shield, antimagic bite, no potion heal 3, rot
immunity
a: Renounce Religion


You were on level 6 of the Dungeon.
You worshipped Wu Jian.
Wu Jian was noncommittal.
You were hungry.

You visited 2 branches of the dungeon, and saw 7 of its levels.

You collected 221 gold pieces.

Inventory:

Hand Weapons
 a - a +1 dagger (weapon)
Missiles
 l - 6 tomahawks (quivered)
Armour
 b - a +0 robe (worn)
 h - a +0 helmet (worn)
 o - a +0 cloak (worn)
 r - a +1 pair of boots of running (worn)
Jewellery
 s - a +2 ring of protection (left hand)
 u - a ring of see invisible (right hand)
Scrolls
 z - a scroll of random uselessness {unknown}
 B - 3 scrolls of remove curse
 D - a scroll of enchant weapon {unknown}
 E - 2 scrolls of amnesia {unknown}
 F - 2 scrolls of blinking {unknown}
 H - 2 scrolls of fear
 L - a scroll of fog {unknown}
Potions
 g - a potion of ambrosia
 i - 2 potions of curing
 q - a potion of berserk rage
 w - a potion of flight
 K - a potion of agility
 N - a potion of cancellation {unknown}
Books
 c - a book of Maledictions

   Spells                             Type                      Level
   a - Corona                         Hexes                        1
   b - Ensorcelled Hibernation        Hexes/Ice                    2
   c - Confuse                        Hexes                        3
   d - Tukima's Dance                 Hexes                        3
   e - Dazzling Spray                 Conjuration/Hexes            3
Comestibles
 d - 6 bread rations
 j - 7 fruits
 J - a royal jelly
 M - 5 chunks of flesh


   Skills:
 + Level 5.8 Short Blades
 - Level 1.5 Dodging
 - Level 3.6 Stealth
 - Level 2.1 Spellcasting
 + Level 7.0 Hexes


You had 5 spell levels left.
You knew the following spells:

 Your Spells              Type           Power        Failure   Level  Hunger
a - Corona                Hex            ###....      1%          1    #......
x - Confuse               Hex            ###.....     3%          3    ###....
z - Ensorcelled Hibernat  Hex/Ice        ##....       8%          2    ###....


Dungeon Overview and Level Annotations

Branches:
Dungeon (6/15)             Temple (1/1) D:4

Altars:
Ashenzari
Cheibriados
Dithmenos
Elyvilon
Fedhas
Gozag
Hepliaklqana
Kikubaaqudgha
Makhleb
Nemelex Xobeh
Okawaru
Qazlal
Ru
Sif Muna
Trog
Vehumet
Wu Jian
Xom
Yredelemnul
Zin
The Shining One

Annotations:
D:6 Duvessa


Innate Abilities, Weirdness & Mutations

You have razor-sharp teeth.
Your natural rate of healing is unusually fast.
When hurt, damage is shared between your health and your magic reserves.
Your bite disrupts and absorbs the magic of your enemies.
Potions cannot restore your health.
You are immune to rotting.


Message History

Press: ? - help, Shift-Dir - straight line, f/p - Duvessa
Aim: Duvessa, wielding a rapier and wearing a leather armour (heavily wounded, slow, unusually agile, chance to defeat MR: 34%) Duvessa easily resists.
You barely miss Duvessa. You bite Duvessa, but do no damage.
Duvessa is heavily wounded.
Duvessa looks more energetic.
You hit Duvessa.
Duvessa is heavily wounded.
Duvessa completely misses you.
You hit Duvessa but do no damage. You bite Duvessa, but do no damage.
Duvessa is heavily wounded.
You closely miss Duvessa. Your bite misses Duvessa.
Duvessa is heavily wounded.
Duvessa grits her teeth and focuses.
Duvessa hits you with a rapier!
* * * LOW HITPOINT WARNING * * *
You hit Duvessa but do no damage.
Duvessa is heavily wounded.
Duvessa hits you with a rapier!
You die...

##
########.##
#......)#.#
#.######.#
#.# #.#
#.#########e#
#.#
#.....<...@.#
...
#############
>#.## #.#.# #
#.. ###


You could see Duvessa.

Vanquished Creatures
  2 centaurs (D:5)
  2 ogres (D:5)
  A bullfrog (D:5)
  A scorpion (D:5)
  Dowan (D:6)
  A howler monkey (D:4)
  A bullfrog zombie (D:5)
  A centaur zombie (D:5)
  An orc wizard (D:3)
  2 iguanas
  Natasha (D:2)
  3 worker ants (D:5)
  A hound zombie (D:3)
  3 gnolls (D:3)
  3 adders
  2 oozes
  An adder zombie (D:5)
  2 worms
  A dart slug (D:3)
  3 leopard geckos
  9 orcs
  2 ball pythons
  5 bats
  6 giant cockroaches
  5 goblins
  10 hobgoblins
  11 jackals
  2 quokkas
  4 frilled lizards
  A jackal zombie (D:5)
  10 kobolds
  12 rats
110 creatures vanquished.

Notes
Turn   | Place    | Note
-------+----------+-------------------------------------------
     0 | D:1      | HAL9000 the Vine Stalker Enchanter began the quest for the Orb.
     0 | D:1      | Reached XP level 1. HP: 9/9 MP: 4/4
    12 | D:1      | Reached skill level 1 in Short Blades
   308 | D:1      | Reached XP level 2. HP: 13/13 MP: 6/6
   318 | D:1      | Learned a level 2 spell: Ensorcelled Hibernation
   588 | D:1      | Reached XP level 3. HP: 16/16 MP: 7/7
   593 | D:1      | Learned a level 3 spell: Confuse
  1441 | D:2      | Gained mutation: Your natural rate of healing is unusually fast. [Vine Stalker growth]
  1441 | D:2      | Reached XP level 4. HP: 21/21 MP: 8/8
  1465 | D:2      | Identified a +1 pair of boots of running (You found it on level 2 of the Dungeon)
  1641 | D:2      | Noticed Natasha
  1647 | D:2      | Killed Natasha
  1647 | D:2      | Reached skill level 4 in Hexes
  2033 | D:2      | Reached XP level 5. HP: 16/24 MP: 6/9
  2230 | D:3      | Found a stormy altar of Qazlal.
  2541 | D:3      | Reached XP level 6. HP: 28/28 MP: 10/10
  2802 | D:4      | Reached skill level 5 in Hexes
  3146 | D:4      | Found a staircase to the Ecumenical Temple.
  3160 | Temple   | Entered the Ecumenical Temple
  3303 | Temple   | Became a worshipper of the Wu Jian Council
  3372 | D:4      | Found an opulent altar of Gozag.
  3518 | D:5      | Entered Level 5 of the Dungeon
  3597 | D:5      | Reached XP level 7. HP: 26/32 MP: 9/11
  3828 | D:5      | Reached skill level 6 in Hexes
  3837 | D:5      | Reached skill level 5 in Short Blades
  4586 | D:5      | Reached skill level 7 in Hexes
  4586 | D:5      | Gained mutation: You have razor-sharp teeth. [Vine Stalker growth]
  4586 | D:5      | Reached XP level 8. HP: 6/36 MP: 12/12
  4728 | D:6      | Noticed Dowan
  4730 | D:6      | Noticed Duvessa
  4749 | D:6      | Killed Dowan
  4788 | D:6      | Slain by Duvessa

Vault maps used:
D:1:      minmay_arrival_stone_box
D:2:      uniq_natasha
D:3:      grunt_qazlal_clouds
D:4:      minmay_temple_entry_statues_fountains, first_bread,
          grunt_gozag_breadcrumbs
D:5:      kennysheep_boxes
D:6:      corexii_shantytown, uniq_grinder, uniq_menkaure, uniq_duvessa,
          uniq_sigmund
Temple:   nicolae_temple_the_god_donut

Skill      XL: |  1  2  3  4  5  6  7 |
---------------+----------------------+-----
Short Blades   | 1 2 3 4 5 |  5.8
Hexes          | 4 5 7 |  7.0
Dodging        | |  1.5
Stealth        | |  3.6
Spellcasting   | |  2.1

Action                   |  1- 3 |  4- 6 |  7- 9 || total
-------------------------+-------+-------+-------++-------
Melee: Dagger            |   105 |   278 |   102 ||   485
       Bite              |    22 |    56 |    42 ||   120
 Cast: Ensorcelled Hiber |     4 |    13 |    15 ||    32
       Confuse           |       |       |     3 ||     3
  Use: Scroll            |     1 |     2 |     5 ||     8
 Stab: Sleeping          |    12 |    19 |     7 ||    38
  Eat: Chunk             |     2 |     7 |     5 ||    14
Armor: Robe              |    26 |    93 |    16 ||   135
Dodge: Dodged            |    54 |   161 |    45 ||   260
